 Dungeon Crawl Stone Soup version 0.32-a0-485-g70f7560b1c (webtiles) character file.

Game seed: 1559314106829805189

276 ezpacito the Trooper (level 6, -26/48 HPs)
             Began as a Demonspawn Chaos Knight on Feb 26, 2024.
             Was a Plaything of Xom.
             Killed by an exploding ufetubus (29 damage)
             ... ignited by their inner flame
             ... on level 4 of the Dungeon.
             The game lasted 00:03:10 (3006 turns).

ezpacito the Trooper (Demonspawn Chaos Knight)      Turns: 3006, Time: 00:03:10

Health: -26/48     AC:  6    Str: 14    XL:     6   Next: 4%
Magic:  8/8        EV: 17    Int: 12    God:    Xom [......]
Gold:   217        SH:  0    Dex: 13    Spells: 2/7 levels left

rFire   . . .        a - +0 hand axe (chaos)
rCold   . . .        (no shield)
rNeg    . . .        b - +2 leather armour
rPois   +            (helmet restricted)
rElec   .            u - +0 cloak
rCorr   .            (no gloves)
SInv    .            (boots unavailable)
Will    .....        (no amulet)
Stlth   +            d - ring of poison resistance
HPRegen 1.28/turn    j - +5 ring of evasion
MPRegen 0.11/turn

%: no passive effects
@: spiked
A: hooves 3, powered by death 1, beak, sense surroundings 1, persistent drain
a: Renounce Religion


You were on level 4 of the Dungeon.
You worshipped Xom.
You were a very special plaything of Xom.
You visited 1 branch of the dungeon, and saw 4 of its levels.

You collected 217 gold pieces.

Inventory:

Hand Weapons
 a - a +0 hand axe of chaos (weapon)
Missiles
 y - 2 poisoned darts
Armour
 b - a +2 leather armour (worn)
 r - a +0 helmet
 u - a +0 cloak (worn)
Magical Staves
 o - a staff of earth
Jewellery
 d - a ring of poison resistance (left hand)
 j - a +5 ring of evasion (right hand)
Wands
 p - a wand of paralysis (8)
Scrolls
 h - 3 scrolls of identify {unknown}
 i - a scroll of revelation {unknown}
 k - a scroll of enchant armour {unknown}
 m - a scroll of fog {unknown}
 q - a scroll of enchant weapon {unknown}
 t - a scroll of poison {unknown}
 w - a scroll of fear {unknown}
 x - a scroll of teleportation {unknown}
Potions
 g - a potion of lignification
 n - a potion of curing
 v - a potion of degeneration {unknown}
 z - 2 potions of might {unknown}


   Skills:
 * Level 3.7 Fighting
 * Level 3.2(3.3) Axes
 + Level 1.0(2.3) Polearms
 + Level 0.5 Throwing
 * Level 2.5 Armour
 * Level 2.0 Dodging
 + Level 1.2 Stealth
 * Level 1.5 Unarmed Combat
 * Level 1.4 Spellcasting
 + Level 0.7 Conjurations
 + Level 0.2 Translocations
 + Level 0.3 Ice Magic
 + Level 0.3 Earth Magic
 + Level 0.5 Evocations


You had 2 spell levels left.
You knew the following spells:

 Your Spells              Type           Power      Damage    Failure   Level
a - Lesser Beckoning      Tloc           2%         N/A       45%         2
b - Hailstorm             Conj/Ice       2%         3d5       65%         3

Your spell library contained the following spells:

 Spells                   Type           Power      Damage    Failure   Level
 Freeze                   Ice            4%         1d3       30%         1
 Frozen Ramparts          Ice            2%         1d1       67%         3
 Gell's Gravitas          Tloc           1%         N/A       69%         3
 Teleport Other           Tloc           1%         N/A       69%         3


Dungeon Overview and Level Annotations

Branches:
Dungeon (4/15)
 Temple: D:4-7

Altars:
Nemelex Xobeh
Ru


Innate Abilities, Weirdness & Mutations

You have hooves in place of feet.
You regenerate a little health from kills.
You have a beak for a mouth.
You passively map a small area around you.
Your health recovers twice as slowly from being drained.


Message History

The fiery explosion engulfs your butterfly!
Your butterfly disappears in a burst of colours!
The fiery explosion engulfs your butterfly!!
Your butterfly disappears in a burst of colours!
Your butterfly explodes!
The fiery explosion engulfs your butterfly!!
Your butterfly disappears in a burst of colours!
The fiery explosion engulfs your butterfly!!
Your butterfly disappears in a burst of colours!
The fiery explosion engulfs the red devil.
The red devil completely resists.
Your butterfly explodes!
The fiery explosion engulfs the red devil.
The red devil completely resists.
Your butterfly explodes!
The fiery explosion engulfs the red devil.
The red devil completely resists.
Your butterfly explodes!
The fiery explosion engulfs your butterfly!
Your butterfly disappears in a burst of colours!
The fiery explosion engulfs your butterfly!
Your butterfly disappears in a burst of colours!
The fiery explosion engulfs your butterfly!!
Your butterfly disappears in a burst of colours!
Your butterfly explodes! x3
The fiery explosion engulfs your butterfly!!
Your butterfly disappears in a burst of colours!
Your butterfly explodes!
The fiery explosion engulfs you!
* * * LOW HITPOINT WARNING * * *
The fiery explosion engulfs the ufetubus!!
The ufetubus is burned terribly!
The ufetubus degenerates into a cloud of primal chaos!
The ufetubus explodes!
The fiery explosion engulfs your butterfly!!
Your butterfly disappears in a burst of colours!
The fiery explosion engulfs you!!
Ouch! That really hurt!
You die...
Xom laughs nastily!

. .. ..#. .#.##.... ..#..
....... ....# * #....#
###..b. ,,.# ...>.#........bb
, ..# .<....... ..5b. ###..#
##
.>.....##.###bb§##§#§§###..
.....### ....§§.§§§§§§.#...
.....###,....§§§@§§§§§....
.............§§§§§§§§§§.### ,
............###§§§§§§§§....,,
............##b§§§§§.4§....
,, [########...#..b§§§§.§..##
..# ####.....b.§§§§b..#... ,
.#####.##......b§§§.....!.. ,
...##........##.†..........
####............##......#..,


You could see a red devil (summoned, inner flame) and a quasit (summoned, inner
flame, ally target).

Vanquished Creatures
  An ice beast (D:4)
  A hound (D:4)
  An orc priest (D:3)
  Crazy Yiuf (D:3)
  Jessica (D:2)
  Ijyb (D:3)
  2 adders (D:2)
  4 gnolls (D:4)
  2 dart slugs
  5 orcs
  5 ball pythons
  2 bats
  6 endoplasms
  6 giant cockroaches
  9 goblins
  5 hobgoblins
  7 jackals (D:4)
  6 kobolds
  2 quokkas (D:4)
  A frilled lizard (D:1)
  3 rats
71 creatures vanquished.

Notes
Turn   | Place    | Note
-------+----------+-------------------------------------------
     0 | D:1      | ezpacito the Demonspawn Chaos Knight began the quest for
                  | the Orb.
     0 | D:1      | Reached XP level 1. HP: 18/18 MP: 1/1
   189 | D:1      | Reached skill level 1 in Dodging
   212 | D:1      | Found a faded altar of an unknown god.
   321 | D:1      | Gained mutation: You have large cloven feet. [demonic
                  | ancestry]
   321 | D:1      | Reached XP level 2. HP: 24/24 MP: 2/2
   476 | D:1      | XOM: divination: detect items
  1071 | D:2      | Gained mutation: You have hoof-like feet. [demonic
                  | ancestry]
  1071 | D:2      | Reached XP level 3. HP: 22/29 MP: 3/3
  1115 | D:2      | XOM: scenery: summon butterflies
  1122 | D:2      | XOM: polymorph butterfly -> bombardier beetle
  1338 | D:2      | Noticed Jessica
  1347 | D:2      | Killed Jessica
  1348 | D:2      | Reached skill level 1 in Unarmed Combat
  1348 | D:2      | Gained mutation: You regenerate a little health from kills.
                  | [demonic ancestry]
  1348 | D:2      | Reached XP level 4. HP: 29/35 MP: 5/5
  1379 | D:2      | Reached skill level 1 in Spellcasting
  1382 | D:2      | XOM: stat loss: -1 Int (11/12)
  1505 | D:2      | Identified the +3 leather armour of Failure {rElec Will-
                  | Regen+}
  1842 | D:3      | Learned a level 2 spell: Lesser Beckoning
  1846 | D:3      | Learned a level 3 spell: Hailstorm
  1849 | D:3      | Noticed Ijyb
  1850 | D:3      | Paralysed by Ijyb for 3 turns
  1855 | D:3      | XOM: chaos cloud
  1863 | D:3      | Paralysed by Ijyb for 2 turns
  1865 | D:3      | Killed Ijyb
  1866 | D:3      | Gained mutation: You have hooves in place of feet. [demonic
                  | ancestry]
  1866 | D:3      | Reached XP level 5. HP: 41/41 MP: 6/6
  1985 | D:3      | Found a sparkling altar of Nemelex Xobeh.
  2152 | D:3      | Found a runed translucent door.
  2153 | D:3      | Noticed Crazy Yiuf
  2162 | D:3      | Killed Crazy Yiuf
  2608 | D:3      | XOM: give mutations
  2608 | D:3      | Gained mutation: You passively map a small area around you.
                  | [Xom's mischief]
  2608 | D:3      | Gained mutation: Your health recovers twice as slowly from
                  | being drained. [Xom's mischief]
  2608 | D:3      | Gained mutation: You have a beak for a mouth. [Xom's
                  | mischief]
  2757 | D:4      | Reached skill level 1 in Stealth
  2768 | D:4      | Reached skill level 1 in Polearms
  2892 | D:4      | Found a sacrificial altar of Ru.
  2994 | D:4      | Reached XP level 6. HP: 46/48 MP: 8/8
  2995 | D:4      | Noticed an ice beast
  3002 | D:4      | XOM: summons 4 hostile demons
  3003 | D:4      | Noticed a chaos spawn
  3003 | D:4      | Noticed a red devil
  3006 | D:4      | Killed an ice beast
  3006 | D:4      | Killed by an exploding ufetubus... ignited by their inner
                  | flame

Illustrated notes

Levels and vault maps discovered:
D:1:      lemuel_arrival_tunnels, layout_loops_corners,
          shapermc_ecumenical_altar_totnotflames
D:2:      layout_loops_ring, minmay_hedge_maze, uniq_jessica
D:3:      layout_loops_ring, nemelex_diamond_rough_becter, nrook_loot_triangle,
          uniq_crazy_yiuf_cottage, uniq_ijyb
D:4:      layout_cave_pools, kennysheep_little_box, okawaru_ov_weapons_minmay,
          lemuel_round_altar, nicolae_ru_sacrificial_ziggurat

Skill      XL: |  1  2  3  4  5 |
---------------+----------------+-----
Dodging        | 1 2 |  2.0
Armour         | 2 |  2.5
Axes           | 3 |  3.2
Unarmed Combat | 1 |  1.5
Spellcasting   | 1 |  1.4
Stealth        | 1 |  1.2
Polearms       | 1 |  1.0
Fighting       | |  3.7
Throwing       | |  0.5
Conjurations   | |  0.7
Translocations | |  0.2
Ice Magic      | |  0.3
Earth Magic    | |  0.3
Evocations     | |  0.5

Action                     |  1- 3 |  4- 6 || total
---------------------------+-------+-------++-------
  Melee: Hand axe          |    68 |   113 ||   181
         Kick              |     8 |    26 ||    34
         Peck              |       |     7 ||     7
  Throw: Throwing net      |       |     1 ||     1
    Use: Potion            |       |     4 ||     4
         Scroll            |       |     2 ||     2
   Stab: Sleeping          |       |     1 ||     1
 Armour: Leather armour    |    30 |    53 ||    83
         Skin              |       |    39 ||    39
  Dodge: Dodged            |    46 |    94 ||   140

Table legend: (Time is in decaauts)
 A = Elapsed time spent in this place.
 B = Non-inter-level travel time spent in this place.
 C = Inter-level travel time spent in this place.
 D = Time resting spent in this place.
 E = Time spent auto-exploring this place.
 F = Levels seen in this place.
 G = Mean time per level.
                   A        B        C        D        E       F      G
               +--------+--------+--------+--------+--------+-----+--------+
         Total |   3031 |   2898 |    133 |      3 |   2408 |   4 |  757.8 |
       Dungeon |   3031 |   2898 |    133 |      3 |   2408 |   4 |  757.8 |
               +--------+--------+--------+--------+--------+-----+--------+

Top non-repeatable levels by time:
     D:3: 1050 daAuts
     D:1: 1031 daAuts
     D:2: 673 daAuts
     D:4: 275 daAuts
